 Dungeon Crawl Stone Soup version 0.29.1-1-gd02db6906a (webtiles) character file.

Game seed: 2516136360799839616

13718 raistware the Thaumaturge (level 12, -8/72 HPs)
             Began as an Octopode Conjurer on Sept 23, 2022.
             Was an Elder of Vehumet.
             Mangled by a salamander
             ... wielding a +0 trident
              (9 damage)
             ... in a volcano.
             The game lasted 00:42:22 (15065 turns).

raistware the Thaumaturge (Octopode Conjurer)      Turns: 15065, Time: 00:42:24

Health: -8/72      AC:  1    Str:  6    XL:     12   Next: 9%
Magic:  1/28       EV: 20    Int: 24    God:    Vehumet [****..]
Gold:   814        SH:  0    Dex: 24    Spells: 20/36 levels left

rFire   + . .      SeeInvis +   a - staff of fire
rCold   . . .      Faith    .   (no shield)
rNeg    + . .      Spirit   .   (helmet restricted)
rPois   .          Reflect  .   (no amulet)
rElec   .          Harm     .   i - ring of wizardry
rCorr   .          Rampage  .   s - +6 ring of dexterity
Will    .....                   w - +4 ring of evasion
Stlth   ++++......              y - ring of see invisible
HPRegen 0.22/turn               E - +6 ring of dexterity
MPRegen 0.21/turn               q - ring of positive energy
                                (no ring)
                                (no ring)

@: no status effects
A: almost no armour, amphibious, 8 rings, camouflage 1, gelatinous body 1,
(nimble swimmer 1), tentacles
a: Renounce Religion


You were in a volcano.
You worshipped Vehumet.
Vehumet was greatly pleased with you.
You visited 3 branches of the dungeon, and saw 13 of its levels.
You also visited: Sewer, Ossuary and Volcano.

You collected 960 gold pieces.
You spent 146 gold pieces at shops.

Inventory:

Hand Weapons
 D - a +3 mace
Missiles
 o - 43 poisoned darts
 K - 4 curare-tipped darts
Magical Staves
 a - a staff of fire (weapon)
Jewellery
 i - a ring of wizardry (left tentacle)
 q - a ring of positive energy (on tentacle)
 s - a +6 ring of dexterity (right tentacle)
 w - a +4 ring of evasion (on tentacle)
 y - a ring of see invisible (on tentacle)
 E - a +6 ring of dexterity (on tentacle)
Wands
 v - a wand of paralysis (4)
 A - a wand of mindburst (3)
 I - a wand of flame (30)
 N - a wand of roots (9)
Scrolls
 d - 2 scrolls of enchant armour
 g - a scroll of vulnerability {unknown}
 k - 2 scrolls of summoning
 l - 4 scrolls of fear
 m - 4 scrolls of enchant weapon
 n - 6 scrolls of teleportation
 t - a scroll of acquirement {unknown}
 u - 2 scrolls of immolation
 x - 2 scrolls of fog
 F - 2 scrolls of torment {unknown}
 H - a scroll of brand weapon {unknown}
 L - 2 scrolls of blinking {unknown}
 M - a scroll of silence {unknown}
Potions
 b - a potion of haste
 c - 3 potions of flight
 e - 5 potions of mutation
 f - a potion of might {unknown}
 h - a potion of resistance {unknown}
 j - 13 potions of curing
 p - 2 potions of lignification {unknown}
 r - 2 potions of brilliance
 z - 2 potions of invisibility {unknown}
 B - 2 potions of cancellation {unknown}
 C - 4 potions of attraction
 G - a potion of berserk rage {unknown}
 J - 2 potions of heal wounds


   Skills:
 - Level 3.0 Fighting
 - Level 4.0 Dodging
 - Level 3.0 Stealth
 + Level 12.5 Spellcasting
 + Level 10.8 Conjurations
 - Level 2.0 Translocations
 - Level 4.0 Transmutations
 - Level 6.0 Earth Magic
 - Level 2.0 Evocations


You had 20 spell levels left.
You knew the following spells:

 Your Spells              Type           Power      Damage    Failure   Level
a - Magic Dart            Conj           100%       1d8       1%          1
b - Iskenderun's Mystic   Conj/Tloc      45%        2d10      1%          4
c - Stone Arrow           Conj/Erth      100%       3d13      1%          3
d - Passwall              Tmut/Erth      32%        N/A       1%          2
e - Freezing Cloud        Conj/Ice/Air   16%        6-21      3%          5
z - Apportation           Tloc           48%        N/A       1%          1

Your spell library contained the following spells:

 Spells                   Type           Power      Damage    Failure   Level
 Foxfire                  Conj/Fire      100%       2x1d9     1%          1
 Necrotise                Necr           60%        1d7       1%          1
 Sandblast                Erth           86%        2d18      1%          1
 Summon Small Mammal      Summ           60%        N/A       1%          1
 Searing Ray              Conj           100%       2d8       1%          2
 Conjure Flame            Conj/Fire      57%        6-21      1%          3
 Dazzling Flash           Conj/Hex       82%        N/A       1%          3
 Inner Flame              Hex/Fire       22%        N/A       1%          3
 Flame Wave               Conj/Fire      57%        2d14      1%          4
 Fulminant Prism          Conj/Hex       20%        3d13      1%          4
 Cause Fear               Hex            7%         N/A       16%         4
 Discord                  Hex            7%         N/A       100%        8


Dungeon Overview and Level Annotations

Branches:
Dungeon (11/15)            Temple (1/1) D:4            Lair (1/5) D:9
  Sewer (visited)         Ossuary (visited)         Volcano (1/1)
    Orc: D:9-12

Altars:
Cheibriados
Elyvilon
Fedhas
Gozag
Hepliaklqana
Makhleb
Okawaru
Qazlal
Ru
Sif Muna
Uskayaw
Vehumet
Yredelemnul
Zin
The Shining One

Shops:
D:8 *   D:10 *

Annotations:
D:3 2 transporters, Akransas's ghost, amateur MiFi
D:8 1 runed translucent door


Innate Abilities, Weirdness & Mutations

You cannot wear most types of armour.
You are amphibious.
You can wear up to eight rings at the same time.
Your skin changes colour to match your surroundings (Stealth+).
Your rubbery body absorbs attacks. (AC +1, EV +1)
((You are camouflaged when in or above water. (Stealth+)))
You have tentacles for arms and can constrict up to eight enemies at once.


Message History

Aim: a red draconian, wielding a +0 broad axe of flaming and wearing a +0 cloak (flame, severely wounded, slow, 78% to hit)
The stone arrow hits the red draconian!!
The red draconian is almost dead.
The red draconian is no longer moving slowly.
The red draconian breathes fire at you. The searing blast misses you.
Aiming: Mindburst
Press: ? - help, Shift-Dir - straight line, f/p - red draconian
Aim: a red draconian, wielding a +0 broad axe of flaming and wearing a +0 cloak (almost dead, catching its breath, chance to affect: 57%)
The red draconian's mind is blasted!
You blow up the red draconian!
Vehumet accepts your kill.
Aiming: Mindburst
Press: ? - help, Shift-Dir - straight line, f - salamander
Aim: a salamander, wielding a +0 trident (chance to affect: 57%)
The salamander's mind is blasted!!
The salamander hits you with a +0 trident!!
* * * LOW HITPOINT WARNING * * *
You are engulfed in flames!
You resist.
* * * LOW HITPOINT WARNING * * *
Aiming: Mindburst
Press: ? - help, Shift-Dir - straight line, f/p - salamander
Aim: a salamander, wielding a +0 trident (moderately wounded, chance to affect: 57%)
The salamander resists with significant effort.
The salamander completely misses you.
Unknown command.
Aiming: Mindburst
Press: ? - help, Shift-Dir - straight line, f/p - salamander
Aim: a salamander, wielding a +0 trident (moderately wounded, chance to affect: 57%)
The salamander's mind is blasted!!
The salamander hits you with a +0 trident.
* * * LOW HITPOINT WARNING * * *
You are engulfed in flames.
You resist.
* * * LOW HITPOINT WARNING * * *
Aiming: Paralyse
Press: ? - help, Shift-Dir - straight line, f/p - salamander
Aim: a salamander, wielding a +0 trident (heavily wounded, chance to affect: 37%)
The salamander easily resists.
The salamander hits you with a +0 trident!
You die...

§§## ≈○## ≈§§# ≈≈≈#
§≈§## ≈§○# ≈≈.§# !≈≈##
≈..## .≈≈≈# ∩..# ∩d≈§#
§)## ##.≈≈# [..# #N##
≈[## ##@## ≈)## ####
#######○#
##.###..###..##...#
##.#.............#
###....≈≈≈≈≈≈≈...#
##....≈≈≈≈≈≈≈≈§≈...#
#..§.§§§≈≈§§≈≈≈≈≈...#
##.§..§§≈§°§§≈≈≈≈§...#
#..§§≈§≈§≈§°§≈≈≈≈≈...#


You could see a salamander.

Vanquished Creatures
  A red draconian (Volcano)
  A centaur warrior (D:10)
  A two-headed ogre (D:10)
  The ghost of EtherCrawl the Thaumaturge, a novice DEFE of Vehumet (D:9)
  A salamander mystic (Volcano)
  2 cyclopes (D:11)
  3 salamanders (Volcano)
  Joseph (D:9)
  A komodo dragon (Lair:1)
  5 trolls
  Grinder (D:4)
  A wyvern (D:10)
  Eustachio (D:5)
  2 wraiths
  A steam dragon (D:9)
  3 vampire mosquitoes (D:10)
  Menkaure (D:5)
  2 acid dragons
  2 water moccasins
  An orc warrior (D:8)
  3 black bears
  6 ice beasts
  A sky beast (D:6)
  2 ogres
  4 wolves (D:9)
  A centaur (D:10)
  7 kobold brigands
  3 bullfrogs
  A gnoll sergeant (D:11)
  17 scorpions
  3 wights (D:8)
  14 killer bees
  4 howler monkeys
  2 electric eels (D:9)
  4 hounds
  4 orc priests
  A gnoll bouda (D:4)
  2 iguanas (D:5)
  13 orc wizards
  8 mummies (Ossuary)
  16 adders
  10 gnolls
  2 river rats (Sewer)
  A shadow imp (D:7)
  2 ufetubi
  3 worms
  20 orcs
  3 bats (D:2)
  15 endoplasms
  5 giant cockroaches
  13 goblins
  8 hobgoblins
  21 kobolds
  3 quokkas
  16 ball pythons
  2 hobgoblin zombies (Ossuary)
  3 kobold zombies (Ossuary)
  3 orc zombies (Ossuary)
  6 rats
  A butterfly (D:8)
285 creatures vanquished.

Vanquished Creatures (others)
  3 fungi (D:3)
3 creatures vanquished.

Grand Total: 288 creatures vanquished

Notes
Turn   | Place    | Note
-------+----------+-------------------------------------------
     0 | D:1      | raistware the Octopode Conjurer began the quest for the
                  | Orb.
     0 | D:1      | Reached XP level 1. HP: 11/11 MP: 3/3
   192 | D:1      | Reached XP level 2. HP: 8/17 MP: 0/5
   711 | D:1      | Reached skill level 3 in Spellcasting
  1049 | D:1      | Reached XP level 3. HP: 21/21 MP: 4/7
  1794 | D:2      | Found a faded altar of an unknown god.
  1863 | D:2      | Reached XP level 4. HP: 27/27 MP: 7/9
  1868 | D:2      | Learned a level 4 spell: Iskenderun's Mystic Blast
  1949 | D:2      | Reached skill level 4 in Spellcasting
  2064 | D:2      | Found a shimmering blue altar of Sif Muna.
  2161 | D:2      | Reached skill level 1 in Translocations
  2218 | D:3      | Found a blossoming altar of Fedhas.
  2240 | D:3      | Found a stormy altar of Qazlal.
  2259 | D:3      | Found a glowing drain.
  2274 | Sewer    | Entered a sewer
  2567 | Sewer    | Noticed a kobold brigand
  2686 | Sewer    | Reached XP level 5. HP: 31/31 MP: 6/11
  2884 | Sewer    | Noticed a kobold brigand
  3028 | Sewer    | Noticed a kobold brigand
  3028 | Sewer    | Noticed a kobold brigand
  3065 | Sewer    | Killed a kobold brigand
  3070 | Sewer    | Killed a kobold brigand
  3071 | Sewer    | Reached XP level 6. HP: 13/36 MP: 1/13
  3303 | Sewer    | Reached skill level 5 in Conjurations
  3422 | Sewer    | Reached skill level 5 in Spellcasting
  3624 | Sewer    | Reached XP level 7. HP: 20/41 MP: 2/15
  4247 | D:3      | Found a transporter.
  4267 | D:3      | Found a transporter.
  4270 | D:3      | Noticed Akransas's ghost (amateur MiFi)
  4428 | D:3      | Paralysed by an orc for 5 turns
  4967 | D:4      | Reached skill level 1 in Fighting
  5286 | D:4      | Learned a level 3 spell: Stone Arrow
  5331 | D:4      | Found a hazy altar of Hepliaklqana.
  5334 | D:4      | Noticed Grinder
  5337 | D:4      | Killed Grinder
  5338 | D:4      | Reached skill level 6 in Spellcasting
  5338 | D:4      | Reached skill level 1 in Earth Magic
  5338 | D:4      | Reached XP level 8. HP: 48/48 MP: 6/17
  5552 | D:4      | Found a staircase to the Ecumenical Temple.
  5561 | Temple   | Entered the Ecumenical Temple
  5566 | Temple   | Became a worshipper of Vehumet
  6019 | D:5      | Entered Level 5 of the Dungeon
  6095 | D:5      | Noticed Menkaure
  6100 | D:5      | Killed Menkaure
  6276 | D:5      | Noticed Eustachio
  6335 | D:5      | Learned a level 2 spell: Passwall
  6400 | D:5      | Found a sand-covered staircase.
  6417 | Ossuary  | Entered an ossuary
  6977 | Ossuary  | Reached * piety under Vehumet
  6977 | Ossuary  | Offered knowledge of Shock by Vehumet.
  7363 | D:5      | Reached skill level 7 in Spellcasting
  7650 | D:5      | Killed Eustachio
  7651 | D:5      | Reached XP level 9. HP: 53/53 MP: 9/19
  7821 | D:5      | Found an iron altar of Okawaru.
  7887 | D:5      | Reached skill level 1 in Evocations
  8007 | D:5      | Reached skill level 1 in Transmutations
  8739 | D:6      | Reached skill level 8 in Spellcasting
  8750 | D:6      | Offered knowledge of Scorch by Vehumet.
  8817 | D:6      | Learned a level 1 spell: Apportation
  8851 | D:6      | Found a glowing silver altar of Zin.
  8853 | D:6      | Found Zin's Purification Station.
  8859 | D:6      | Bought a potion of curing for 90 gold pieces
  8871 | D:6      | Found a hide-covered altar of Uskayaw.
  8983 | D:7      | Reached ** piety under Vehumet
  9387 | D:7      | Reached XP level 10. HP: 38/60 MP: 2/22
  9833 | D:8      | Reached skill level 5 in Earth Magic
  9914 | D:8      | Found a runed translucent door.
  9916 | D:8      | Found a runed translucent door.
 10218 | D:8      | Offered knowledge of Frozen Ramparts by Vehumet.
 10509 | D:8      | Reached *** piety under Vehumet
 10869 | D:8      | Found Vaesuudgh's Mass Market.
 11141 | D:8      | Reached skill level 9 in Spellcasting
 11535 | D:9      | Found a staircase to the Lair.
 11607 | D:9      | Offered knowledge of Flame Wave by Vehumet.
 11920 | D:9      | Identified the +3 buckler "Ykutrurph" {-Cast rPois Will+}
 12118 | D:9      | Noticed Joseph
 12122 | D:9      | Killed Joseph
 12442 | D:9      | Found a large runed translucent door.
 12442 | D:9      | Found a large runed translucent door.
 12447 | D:9      | Noticed EtherCrawl's ghost (novice DEFE)
 12569 | D:9      | Reached XP level 11. HP: 64/64 MP: 17/24
 12624 | D:9      | Found a white marble altar of Elyvilon.
 12764 | D:9      | Found a glowing golden altar of the Shining One.
 12856 | D:9      | Killed EtherCrawl's ghost
 12857 | D:9      | Reached skill level 10 in Spellcasting
 12857 | D:9      | Reached skill level 10 in Conjurations
 12931 | D:10     | Entered Level 10 of the Dungeon
 13197 | D:10     | Found Petea's General Store.
 13200 | D:10     | Bought a scroll of fog for 56 gold pieces
 13285 | D:10     | Noticed a centaur warrior
 13696 | D:10     | Reached **** piety under Vehumet
 13943 | D:10     | Noticed a two-headed ogre
 13946 | D:10     | Killed a two-headed ogre
 13947 | D:10     | Reached skill level 11 in Spellcasting
 14092 | D:10     | Killed a centaur warrior
 14418 | D:11     | Noticed a cyclops
 14423 | D:11     | Killed a cyclops
 14427 | D:11     | Noticed a cyclops
 14430 | D:11     | Killed a cyclops
 14563 | D:11     | Offered knowledge of Freezing Cloud by Vehumet.
 14570 | D:11     | Learned a level 5 spell: Freezing Cloud
 14649 | D:11     | Noticed a boulder beetle
 14716 | Lair:1   | Entered Level 1 of the Lair of Beasts
 14731 | Lair:1   | Reached skill level 12 in Spellcasting
 14796 | Lair:1   | Found a dark tunnel.
 14802 | Volcano  | Entered a volcano
 14820 | Volcano  | Noticed a salamander
 14824 | Volcano  | Killed a salamander
 14894 | Volcano  | Noticed a salamander mystic
 14894 | Volcano  | Noticed a salamander
 14894 | Volcano  | Noticed a salamander
 14900 | Volcano  | Killed a salamander mystic
 14901 | Volcano  | Killed a salamander
 14907 | Volcano  | Killed a salamander
 14908 | Volcano  | Reached XP level 12. HP: 35/72 MP: 7/28
 15049 | Volcano  | Noticed a red draconian
 15061 | Volcano  | Killed a red draconian
 15064 | Volcano  | HP: 1/72 [salamander/+0 trident (6)]
 15065 | Volcano  | Mangled by a salamander

Illustrated notes

Levels and vault maps discovered:
D:1:      co_arrival_random_square_maze, layout_loops_cross
D:2:      layout_rooms, chequers_ecumenical_altar_island, basic_altar
D:3:      minmay_diamond_boxcup, layout_rooms,
          grunt_temple_overflow_forces_of_nature, gammafunk_ghost_mausoleum,
          portal_sewer_entry_f, hangedman_decor_clover_reticule,
          amcnicky_mini_pool_small, serial_bayou_pond_c
D:4:      layout_basic, nicolae_overflow_crystal_walls,
          minmay_temple_entry_wispy, kennysheep_decorative_pillar,
          grunt_decor_arrowhead, uniq_grinder
D:5:      layout_loops_ring, mainiacjoe_overflow_alcove_1, enter_ossuary_1,
          st_stairs_13, uniq_menkaure, uniq_eustachio
D:6:      layout_rooms, nicolae_uskayaw_suspiria, zin_purify
D:7:      layout_gridville
D:8:      lemuel_insect_pit, layout_basic, minmay_shop_mass, minivault_25,
          kennysheep_generic_room_15
D:9:      layout_loops_ring, mainiacjoe_overflow_big_doors, erik_lair_island,
          ebering_ghost_disaster_area, uniq_joseph
D:10:     layout_roguey, serial_shops, kennysheep_mini,
          hangedman_abyss_or_decor_lesser_grid
D:11:     layout_rooms, kennysheep_orc_monster_closet_entryway, tgw_sif
Temple:   nicolae_temple_ecumenical_triangle
Lair:1:   layout_regular_city, enter_volcano_4, lemuel_fruit_tree
Volcano:  volcano_pools

Skill      XL: |  1  2  3  4  5  6  7  8  9 10 11 |
---------------+----------------------------------+-----
Spellcasting   | 3 4 5 6 7 8 9 12 | 12.5
Translocations | 2 |  2.0
Stealth        | 3 |  3.0
Conjurations   | 5 6 7 8 9 10 | 10.8
Fighting       | 1 2 3 |  3.0
Earth Magic    | 1 4 6 |  6.0
Evocations     | 1 2 |  2.0
Transmutations | 3 4 |  4.0
Dodging        | 3 4 |  4.0

Action                   |  1- 3 |  4- 6 |  7- 9 | 10-12 || total
-------------------------+-------+-------+-------+-------++-------
Melee: Unarmed           |    10 |     2 |       |       ||    12
       Tentacles         |     3 |     5 |    16 |     4 ||    28
       Constrict         |     2 |     5 |    14 |     7 ||    28
       Whip              |       |    17 |    26 |       ||    43
       Mace              |       |       |    19 |    20 ||    39
Throw: Dart              |       |       |     2 |       ||     2
 Cast: Magic Dart        |    86 |   109 |   142 |    37 ||   374
       Iskenderun's Myst |       |     4 |    22 |    24 ||    50
       Stone Arrow       |       |       |    59 |   116 ||   175
       Apportation       |       |       |     1 |     1 ||     2
       Freezing Cloud    |       |       |       |     2 ||     2
Evoke: Wand              |       |       |     1 |     5 ||     6
  Use: Potion            |       |     2 |       |     1 ||     3
       Scroll            |       |     1 |    12 |     6 ||    19
 Stab: Paralysed         |       |       |     7 |       ||     7
       Sleeping          |       |       |       |     1 ||     1
Armor: Skin              |     2 |     1 |     5 |     3 ||    11
Dodge: Dodged            |     8 |    16 |    54 |    66 ||   144
